 Dungeon Crawl Stone Soup version 0.30-a0-377-g5cb311bc9f (webtiles) character file.

Game seed: 9129624268869831437

70 KennySheep the Shooter (level 3, -7/29 HPs)
             Began as a Demigod Hunter on Nov 29, 2022.
             Killed by divine providence
             ... invoked by an orc priest
              (14 damage)
             ... on level 2 of the Dungeon.
             The game lasted 00:03:01 (1845 turns).

KennySheep the Shooter (Demigod Hunter)             Turns: 1845, Time: 00:03:02

Health: -7/29      AC: 10    Str: 12    XL:     3   Next: 76%
Magic:  5/5        EV: 11    Int: 14    God:
Gold:   13         SH:  0    Dex: 21    Spells: 2/2 levels left

rFire   . . .      SeeInvis +    a - +0 shortbow
rCold   + + .      Faith    .    (shield currently unavailable)
rNeg    . . .      Spirit   .    q - +5 ring mail "Nyage" {rC++ Int+3}
rPois   .          Reflect  .    (no helmet)
rElec   .          Harm     .    (no cloak)
rCorr   .          Rampage  .    (no gloves)
Will    .....                    (no boots)
Stlth   +.........               (no amulet)
HPRegen 0.24/turn                d - ring of see invisible
MPRegen 0.09/turn                (no ring)

@: invisible
A: high MP 1, forlorn, divine attributes
a: no special abilities


You were on level 2 of the Dungeon.
You visited 1 branch of the dungeon, and saw 3 of its levels.

You collected 128 gold pieces.
You spent 115 gold pieces at shops.

Inventory:

Hand Weapons
 a - a +0 shortbow (weapon)
Armour
 c - a +0 leather armour
 q - the +5 ring mail "Nyage" (worn) {rC++ Int+3}
   (You found it on level 2 of the Dungeon)

   Int:       It affects your intelligence (+3).
   rC:        It greatly protects you from cold.
Jewellery
 d - a ring of see invisible (left hand)
 f - an amulet of guardian spirit
 o - a ring of ice
Wands
 n - a wand of mindburst (14)
Scrolls
 b - 2 scrolls of immolation
 g - a scroll of blinking {unknown}
 i - 4 scrolls of identify {unknown}
 j - 2 scrolls of teleportation
 k - a scroll of enchant armour {unknown}
 l - a scroll of enchant weapon
 m - a scroll of fog {unknown}


   Skills:
 - Level 1.7 Fighting
 + Level 5.1 Ranged Weapons
 - Level 1.7 Dodging
 - Level 0.8 Stealth


You had 2 spell levels left.
You didn't know any spells.
Your spell library was empty.

Dungeon Overview and Level Annotations

Branches:
Dungeon (3/15)

Shops:
D:2 ?

Annotations:
D:3 Pargi


Innate Abilities, Weirdness & Mutations

You have an increased reservoir of magic. (+10% MP)
You shall have no god before yourself.
Your divine heritage dramatically boosts your attributes as you level up.


Message History

Beogh smites you! The orc hits you but does no damage.
You shoot an arrow. The arrow barely misses the orc priest.
The orc priest hits you with a +0 dagger.
The orc hits you but does no damage. The orc attacks as you move away!
The orc barely misses you.
The orc priest hits you with a +0 dagger.
The orc attacks as you move away! The orc hits you but does no damage.
The orc priest completely misses you.
You shoot an arrow. The arrow barely misses the orc priest.
The orc priest barely misses you. The orc hits you but does no damage.
You shoot an arrow.
The arrow completely misses the orc priest.
The arrow hits the orc!
You kill the orc!
The orc priest hits you with a +0 dagger.
The orc priest hits you but does no damage.
You shoot an arrow.
The arrow closely misses the orc priest.
The orc priest barely misses you.
You shoot an arrow. The arrow hits the orc priest.
The orc priest is heavily wounded.
The orc priest invokes the aid of Beogh against you.
Pain shoots through your body!
* * * LOW HITPOINT WARNING * * *
The orc priest closely misses you.
Okay, then.
You shoot an arrow. The arrow barely misses the orc priest.
The orc priest hits you with a +0 dagger.
* * * LOW HITPOINT WARNING * * *
You fade into invisibility!
The orc priest barely misses you.
You shoot an arrow. The arrow hits the orc priest.
The orc priest is severely wounded.
The orc priest barely misses you.
You shoot an arrow.
The arrow closely misses the orc priest.
The orc priest barely misses you.
The orc priest mumbles some strange prayers to Beogh against you.
Beogh smites you!
You die...

#################################
................@o).>............
##.###############.......#######.
##.# #...........# #. ##.#
#######.###.......# #.
...#####...........#.....# #.
##....##...........#.....# #.
##.##.##...........#.##### ##
##...............#.#.#
#####..###########.#.#


You could see an orc priest (unable to see you).

Vanquished Creatures
  3 adders (D:2)
  3 orcs (D:2)
  7 endoplasms
  4 giant cockroaches
  3 goblins
  A hobgoblin (D:1)
  A kobold (D:2)
  3 quokkas
  3 ball pythons
  6 bats
  4 rats
38 creatures vanquished.

Notes
Turn   | Place    | Note
-------+----------+-------------------------------------------
     0 | D:1      | KennySheep the Demigod Hunter began the quest for the Orb.
     0 | D:1      | Reached XP level 1. HP: 17/17 MP: 3/3
   279 | D:1      | Reached skill level 4 in Ranged Weapons
   331 | D:1      | Reached XP level 2. HP: 24/24 MP: 4/4
   788 | D:2      | Found Juocs's Magic Scroll Emporium.
   795 | D:2      | Bought a scroll of enchant weapon for 82 gold pieces
   795 | D:2      | Bought a scroll of teleportation for 33 gold pieces
   975 | D:2      | Reached XP level 3. HP: 29/29 MP: 5/5
  1158 | D:2      | Identified the +2 plate armour "Xysoppal" {Rampage rPois
                  | rN+ Int+2}
  1363 | D:2      | Identified the +5 ring mail "Nyage" {rC++ Int+3}
  1624 | D:3      | Noticed Pargi
  1630 | D:2      | Reached skill level 5 in Ranged Weapons
  1845 | D:2      | Killed from afar by an orc priest

Illustrated notes

Levels and vault maps discovered:
D:1:      dpeg_arrival_central, layout_loops_ring
D:2:      layout_basic, serial_shops, nicolae_shop_waterfront
D:3:      layout_rooms, uniq_pargi

Skill      XL: |  1  2  3 |
---------------+----------+-----
Ranged Weapons | 4 5 |  5.1
Fighting       | |  1.7
Dodging        | |  1.7
Stealth        | |  0.8

Action                   || total
-------------------------++-------
Melee: Shortbow          ||     1
 Fire: Shortbow          ||   108
  Use: Potion            ||     6
Armor: Leather armour    ||    10
       Ring mail         ||    20
Dodge: Dodged            ||    79

Table legend: (Time is in decaauts)
 A = Elapsed time spent in this place.
 B = Non-inter-level travel time spent in this place.
 C = Inter-level travel time spent in this place.
 D = Time resting spent in this place.
 E = Time spent auto-exploring this place.
 F = Levels seen in this place.
 G = Mean time per level.
                   A        B        C        D        E       F      G
               +--------+--------+--------+--------+--------+-----+--------+
         Total |   1894 |   1799 |     95 |     63 |   1414 |   3 |  631.3 |
       Dungeon |   1894 |   1799 |     95 |     63 |   1414 |   3 |  631.3 |
               +--------+--------+--------+--------+--------+-----+--------+

Top non-repeatable levels by time:
     D:2: 1201 daAuts
     D:1: 640 daAuts
     D:3: 52 daAuts
